General information
- name: BNet
- type: Ladder team game (AT/RT)
- host: Battle.net
- saver: iNT]DOGANDHORSE
map: SilverpineForest
- players: 6
- length: 29:58
- speed: Fast
- version: 1.26 W3XP
- replay type:

» download(202 KB)
Players
team 1 (loser)

»
Elsweyr (
red | 37 APM | 1108 actions | 29:37)
5 Demon Hunter
3 Mana Burn
2 Evasion
» actions
| Assign group hotkey | 9 | |
| Basic commands | 5 | |
| Build / train | 59 | |
| Enter build submenu | 31 | |
| Enter hero's abilities submenu | 5 | |
| Give item / drop item | 4 | |
| Right click | 547 | |
| Select / deselect | 360 | |
| Select group hotkey | 14 | |
| Use ability | 74 | |
1108 total
» units
| Wisp | 31 | |
| Chimaera | 5 | |
| Hippogryph | 4 | |
40 total
» upgrades
» buildings
| Tree of Ages | 1 | |
| Moon Well | 5 | |
| Altar of Elders | 1 | |
| Tree of Eternity | 1 | |
| Ancient of Wind | 3 | |
| Chimaera Roost | 3 | |
| Hunter's Hall | 1 | |
| Tree of Life | 1 | |
| Ancient Protector | 11 | |
27 total
» build order
01:14 Tree of Ages
01:27 Moon Well
01:34 Altar of Elders
02:23 Moon Well
02:42 Moon Well
04:17 Tree of Eternity
04:43 Ancient of Wind
06:42 Chimaera Roost
06:46 Chimaera Roost
06:49 Chimaera Roost
07:03 Moon Well
07:09 Hunter's Hall
09:57 Moon Well
12:57 Tree of Life
14:36 Ancient of Wind
14:39 Ancient of Wind
16:57 Ancient Protector
17:10 Ancient Protector
17:52 Ancient Protector
17:56 Ancient Protector
18:41 Ancient Protector
18:44 Ancient Protector
20:02 Ancient Protector
26:52 Ancient Protector
26:55 Ancient Protector
26:58 Ancient Protector
27:02 Ancient Protector
» items
| Potion of Lesser Invulnerability | 4 | |
| Boots of Speed | 1 | |
| Claws of Attack +9 | 1 | |
| Staff of Teleportation | 1 | |
| Scroll of Town Portal | 2 | |
| Orb of Corruption | 1 | |
10 total

»
Kyapoo (
green | 62 APM | 1846 actions | 29:52)
4 Death Knight
2 Death Coil
1 Unholy Aura
1 Death Pact
3 Lich
2 Frost Nova
1 Frost Armor
2 Dreadlord
1 Sleep
1 Vampiric Aura
» actions
| Basic commands | 14 | |
| Build / train | 68 | |
| Enter build submenu | 32 | |
| Enter hero's abilities submenu | 9 | |
| Give item / drop item | 8 | |
| Remove unit from queue | 5 | |
| Right click | 1060 | |
| Select / deselect | 519 | |
| Use ability | 131 | |
1846 total
» units
| Acolyte | 12 | |
| Ghoul | 4 | |
| Crypt Fiend | 7 | |
| Frost Wyrm | -1 | |
| Meatwagon | 4 | |
| Necromancer | 3 | |
| Banshee | 2 | |
31 total
» upgrades
| Web | 1 | |
| Exhume Corpses | 1 | |
| Banshee Training | 1 | |
3 total
» buildings
| Graveyard | 1 | |
| Crypt | 1 | |
| Altar of Darkness | 1 | |
| Ziggurat | 17 | |
| Tomb of Relics | 1 | |
| Nerubian Tower | 2 | |
| Halls of the Dead | 1 | |
| Spirit Tower | 3 | |
| Black Citadel | 1 | |
| Sacrificial Pit | 1 | |
| Boneyard | 2 | |
| Slaughterhouse | 1 | |
| Temple of the Damned | 1 | |
33 total
» build order
00:17 Graveyard
00:24 Crypt
00:40 Altar of Darkness
00:48 Ziggurat
01:04 Tomb of Relics
01:54 Ziggurat
02:01 Nerubian Tower
04:15 Halls of the Dead
04:19 Ziggurat
06:11 Ziggurat
06:13 Spirit Tower
06:49 Black Citadel
08:54 Sacrificial Pit
09:51 Boneyard
10:24 Boneyard
12:41 Slaughterhouse
12:50 Ziggurat
12:52 Ziggurat
12:56 Temple of the Damned
17:53 Ziggurat
17:54 Ziggurat
17:56 Ziggurat
17:59 Ziggurat
18:02 Ziggurat
18:05 Ziggurat
18:09 Ziggurat
18:11 Ziggurat
18:14 Ziggurat
18:16 Ziggurat
18:19 Ziggurat
19:11 Nerubian Tower
19:13 Spirit Tower
21:11 Spirit Tower
» items
| Rod of Necromancy | 1 | |
| Sacrificial Skull | 3 | |
| Potion of Invulnerability | 2 | |
| Ring of Protection +4 | 1 | |
| Claws of Attack +6 | 1 | |
| Amulet of Spell Shield | 2 | |
| Staff of Silence | 1 | |
| Khadgar's Pipe of Insight | 1 | |
| Scroll of Town Portal | 1 | |
13 total

»
TitusbrocK (
blue | 38 APM | 1128 actions | 29:57)
4 Blademaster
2 Critical Strike
2 Wind Walk
2 Tauren Chieftain
1 Endurance Aura
1 War Stomp
1 Shadow Hunter
1 Healing Wave
» actions
| Assign group hotkey | 2 | |
| Build / train | 51 | |
| Enter build submenu | 29 | |
| Enter hero's abilities submenu | 8 | |
| Give item / drop item | 1 | |
| Remove unit from queue | 1 | |
| Right click | 685 | |
| Select / deselect | 283 | |
| Select group hotkey | 18 | |
| Use ability | 50 | |
1128 total
» units
| Peon | 17 | |
| Grunt | 5 | |
| Wind Rider | 4 | |
| Troll Batrider | 7 | |
33 total
» upgrades
| Spiked Barricades | 2 | |
| Ranged Weapons | 1 | |
3 total
» buildings
| Altar of Storms | 1 | |
| Orc Burrow | 5 | |
| Barracks | 1 | |
| War Mill | 1 | |
| Voodoo Lounge | 1 | |
| Stronghold | 1 | |
| Beastiary | 2 | |
| Watch Tower | 11 | |
| Great Hall | 1 | |
| Fortress | 1 | |
25 total
» build order
00:08 Altar of Storms
00:12 Orc Burrow
00:57 Barracks
01:35 War Mill
01:53 Voodoo Lounge
04:23 Orc Burrow
04:47 Stronghold
05:57 Orc Burrow
07:13 Beastiary
07:59 Beastiary
08:54 Orc Burrow
09:01 Watch Tower
09:17 Great Hall
10:14 Watch Tower
10:36 Watch Tower
11:45 Watch Tower
12:10 Orc Burrow
20:52 Fortress
22:24 Watch Tower
22:30 Watch Tower
22:41 Watch Tower
23:42 Watch Tower
24:24 Watch Tower
29:06 Watch Tower
29:22 Watch Tower
» items
team 2 (winner)
backintheUSSR (
purple | 110 APM | 3294 actions | 29:57)
4 Archmage
2 Blizzard
2 Brilliance Aura
3 Mountain King
2 Storm Bolt
1 Bash
2 Paladin
1 Holy Light
1 Divine Shield
» actions
| Assign group hotkey | 12 | |
| Basic commands | 15 | |
| Build / train | 164 | |
| ESC pressed | 3 | |
| Enter build submenu | 124 | |
| Enter hero's abilities submenu | 9 | |
| Give item / drop item | 10 | |
| Right click | 1542 | |
| Select / deselect | 387 | |
| Select group hotkey | 755 | |
| Use ability | 272 | |
3294 total
» units
| Peasant | 16 | |
| Dragonhawk Rider | 6 | |
22 total
» upgrades
| Masonry | 4 | |
| Magic Sentry | 1 | |
| Lumber Harvesting | 1 | |
| Cloud | 1 | |
| Armor | 3 | |
| Animal War Training | 1 | |
| Swords | 2 | |
13 total
» buildings
| Altar of Kings | 1 | |
| Farm | 8 | |
| Lumber Mill | 1 | |
| Scout Tower | 153 | |
| Arcane Tower | 10 | |
| Guard Tower | 81 | |
| Keep | 1 | |
| Town Hall | 1 | |
| Arcane Sanctum | 1 | |
| Castle | 2 | |
| Arcane Vault | 3 | |
| Gryphon Aviary | 1 | |
| Blacksmith | 1 | |
| Barracks | 1 | |
265 total
» build order
00:09 Altar of Kings
00:12 Farm
00:49 Lumber Mill
01:10 Scout Tower
01:27 Scout Tower
01:34 Farm
01:43 Scout Tower
01:47 Scout Tower
01:48 Arcane Tower
01:57 Arcane Tower
02:00 Scout Tower
02:08 Scout Tower
02:13 Scout Tower
02:24 Guard Tower
02:31 Guard Tower
02:32 Guard Tower
02:32 Guard Tower
02:32 Guard Tower
02:38 Arcane Tower
02:44 Guard Tower
02:55 Scout Tower
02:57 Scout Tower
03:06 Scout Tower
03:07 Scout Tower
03:21 Scout Tower
03:25 Guard Tower
03:25 Guard Tower
03:33 Scout Tower
03:34 Scout Tower
04:13 Guard Tower
04:15 Scout Tower
04:16 Scout Tower
04:17 Scout Tower
04:21 Guard Tower
04:23 Scout Tower
04:27 Scout Tower
04:28 Scout Tower
04:40 Guard Tower
04:43 Scout Tower
04:44 Scout Tower
04:53 Guard Tower
04:55 Scout Tower
04:56 Scout Tower
05:06 Scout Tower
05:06 Scout Tower
05:08 Guard Tower
05:17 Guard Tower
05:34 Guard Tower
05:34 Guard Tower
05:34 Guard Tower
05:39 Guard Tower
05:40 Guard Tower
05:52 Guard Tower
05:52 Guard Tower
05:53 Guard Tower
05:53 Guard Tower
05:54 Guard Tower
06:00 Scout Tower
06:36 Guard Tower
06:39 Scout Tower
06:40 Scout Tower
06:40 Scout Tower
06:41 Scout Tower
06:45 Keep
06:47 Scout Tower
06:48 Scout Tower
06:49 Scout Tower
06:49 Scout Tower
06:52 Scout Tower
07:12 Guard Tower
07:44 Guard Tower
07:45 Scout Tower
07:46 Scout Tower
08:46 Scout Tower
08:47 Scout Tower
08:55 Guard Tower
09:03 Scout Tower
09:04 Scout Tower
09:04 Scout Tower
09:09 Scout Tower
09:10 Scout Tower
09:14 Guard Tower
09:17 Guard Tower
10:11 Guard Tower
10:41 Town Hall
10:53 Scout Tower
10:54 Scout Tower
10:56 Scout Tower
11:24 Guard Tower
11:24 Guard Tower
11:25 Guard Tower
11:30 Guard Tower
11:31 Guard Tower
11:31 Guard Tower
11:48 Arcane Sanctum
11:55 Scout Tower
11:59 Scout Tower
12:00 Scout Tower
12:01 Scout Tower
12:03 Scout Tower
12:14 Castle
12:40 Guard Tower
12:55 Scout Tower
13:00 Scout Tower
13:00 Scout Tower
13:01 Guard Tower
13:13 Scout Tower
13:14 Scout Tower
13:14 Scout Tower
13:15 Scout Tower
13:23 Guard Tower
13:31 Guard Tower
13:35 Scout Tower
13:37 Scout Tower
13:41 Arcane Tower
13:43 Scout Tower
13:45 Scout Tower
13:45 Scout Tower
13:46 Scout Tower
13:47 Scout Tower
13:48 Scout Tower
13:55 Guard Tower
13:56 Scout Tower
13:56 Scout Tower
14:03 Guard Tower
14:31 Guard Tower
15:24 Guard Tower
15:30 Scout Tower
15:31 Scout Tower
15:32 Scout Tower
15:33 Scout Tower
15:34 Guard Tower
15:55 Arcane Vault
15:56 Arcane Vault
15:59 Guard Tower
16:01 Scout Tower
16:01 Scout Tower
16:06 Guard Tower
17:30 Arcane Vault
17:31 Guard Tower
17:34 Guard Tower
17:38 Scout Tower
17:39 Scout Tower
17:39 Scout Tower
18:27 Guard Tower
18:33 Scout Tower
18:33 Scout Tower
18:34 Scout Tower
18:35 Scout Tower
18:36 Scout Tower
18:36 Scout Tower
18:49 Scout Tower
18:50 Scout Tower
18:51 Scout Tower
18:51 Scout Tower
18:52 Scout Tower
18:53 Scout Tower
19:07 Guard Tower
19:08 Scout Tower
19:09 Scout Tower
19:46 Guard Tower
19:54 Farm
19:55 Farm
19:56 Farm
19:59 Gryphon Aviary
20:02 Blacksmith
20:04 Barracks
20:14 Guard Tower
20:18 Scout Tower
20:19 Scout Tower
20:20 Scout Tower
20:21 Scout Tower
20:23 Scout Tower
20:25 Scout Tower
20:26 Scout Tower
20:26 Scout Tower
20:27 Scout Tower
20:27 Scout Tower
20:27 Scout Tower
20:28 Scout Tower
20:29 Scout Tower
20:38 Guard Tower
21:30 Guard Tower
21:32 Scout Tower
21:33 Scout Tower
21:34 Scout Tower
21:36 Guard Tower
21:38 Scout Tower
21:38 Scout Tower
21:54 Arcane Tower
22:11 Guard Tower
22:11 Guard Tower
22:18 Scout Tower
22:21 Scout Tower
22:23 Scout Tower
22:26 Scout Tower
22:27 Scout Tower
22:28 Scout Tower
22:29 Scout Tower
22:30 Scout Tower
22:30 Scout Tower
22:31 Guard Tower
22:34 Scout Tower
22:35 Scout Tower
22:35 Scout Tower
22:36 Guard Tower
22:43 Arcane Tower
22:46 Arcane Tower
22:53 Arcane Tower
23:19 Arcane Tower
23:22 Arcane Tower
24:20 Guard Tower
24:23 Scout Tower
24:24 Scout Tower
24:25 Scout Tower
24:26 Scout Tower
25:16 Guard Tower
25:20 Scout Tower
25:21 Scout Tower
25:22 Scout Tower
25:24 Guard Tower
25:32 Scout Tower
25:33 Scout Tower
25:34 Scout Tower
25:34 Scout Tower
25:35 Scout Tower
25:35 Scout Tower
25:36 Scout Tower
25:37 Scout Tower
26:05 Farm
26:06 Farm
26:07 Farm
26:10 Guard Tower
26:21 Guard Tower
26:32 Guard Tower
26:34 Guard Tower
26:38 Scout Tower
26:39 Scout Tower
26:40 Scout Tower
26:40 Scout Tower
26:42 Scout Tower
26:42 Scout Tower
26:46 Guard Tower
26:47 Guard Tower
27:15 Guard Tower
27:17 Scout Tower
27:18 Scout Tower
27:20 Scout Tower
27:50 Guard Tower
27:51 Guard Tower
27:52 Scout Tower
27:54 Scout Tower
28:38 Guard Tower
28:46 Guard Tower
28:53 Scout Tower
28:54 Scout Tower
28:55 Scout Tower
28:56 Scout Tower
29:25 Guard Tower
» items
| Staff of Teleportation | 3 | |
| Boots of Speed | 3 | |
| Healing Salve | 2 | |
| Lesser Clarity Potion | 1 | |
| Orb of Lightning | 3 | |
| Staff of Sanctuary | 3 | |
| Pendant of Mana | 2 | |
| Medallion of Courage | 1 | |
| Khadgar's Gem of Health | 1 | |
19 total
GoToYurup (
teal | 96 APM | 2871 actions | 29:57)
6 Blademaster
2 Wind Walk
3 Critical Strike
1 Bladestorm
» actions
| Assign group hotkey | 249 | |
| Basic commands | 5 | |
| Build / train | 81 | |
| Enter build submenu | 86 | |
| Enter hero's abilities submenu | 6 | |
| Give item / drop item | 9 | |
| Remove unit from queue | 3 | |
| Right click | 1334 | |
| Select / deselect | 272 | |
| Select group hotkey | 623 | |
| Use ability | 202 | |
2871 total
» units
» upgrades
| Ranged Weapons | 3 | |
| Liquid Fire | 1 | |
| Armor | 4 | |
8 total
» buildings
| Altar of Storms | 1 | |
| Orc Burrow | 4 | |
| War Mill | 1 | |
| Watch Tower | 66 | |
| Voodoo Lounge | 3 | |
| Stronghold | 2 | |
| Fortress | 2 | |
| Beastiary | 3 | |
| Great Hall | 2 | |
84 total
» build order
00:02 Altar of Storms
00:03 Orc Burrow
00:24 War Mill
01:22 Orc Burrow
01:39 Watch Tower
01:55 Voodoo Lounge
02:16 Watch Tower
03:02 Watch Tower
03:24 Watch Tower
03:26 Watch Tower
03:52 Stronghold
03:53 Stronghold
04:56 Watch Tower
05:00 Watch Tower
05:15 Voodoo Lounge
05:27 Voodoo Lounge
06:02 Watch Tower
06:04 Watch Tower
06:08 Watch Tower
06:22 Watch Tower
06:44 Fortress
06:56 Beastiary
07:29 Great Hall
07:31 Watch Tower
07:34 Great Hall
07:37 Watch Tower
07:38 Watch Tower
07:54 Watch Tower
08:06 Watch Tower
08:26 Orc Burrow
08:36 Beastiary
08:50 Watch Tower
08:50 Watch Tower
09:02 Beastiary
09:08 Watch Tower
09:12 Watch Tower
09:20 Watch Tower
09:27 Orc Burrow
10:34 Watch Tower
11:39 Watch Tower
12:44 Watch Tower
12:54 Watch Tower
12:55 Watch Tower
14:27 Watch Tower
14:28 Watch Tower
15:35 Watch Tower
15:36 Watch Tower
16:23 Watch Tower
16:24 Watch Tower
16:24 Watch Tower
16:25 Watch Tower
17:23 Watch Tower
17:23 Watch Tower
18:35 Watch Tower
18:36 Watch Tower
19:52 Watch Tower
19:52 Watch Tower
19:56 Watch Tower
19:56 Watch Tower
21:06 Watch Tower
21:07 Watch Tower
21:07 Watch Tower
21:19 Watch Tower
21:19 Watch Tower
22:27 Watch Tower
22:28 Watch Tower
22:29 Watch Tower
22:30 Watch Tower
22:33 Watch Tower
23:47 Watch Tower
23:48 Watch Tower
23:49 Watch Tower
23:50 Watch Tower
25:24 Watch Tower
25:24 Watch Tower
25:25 Watch Tower
25:26 Watch Tower
25:29 Watch Tower
25:30 Watch Tower
26:37 Watch Tower
26:38 Watch Tower
26:39 Watch Tower
27:30 Watch Tower
» items
| Staff of Teleportation | 1 | |
| Boots of Speed | 1 | |
| Lesser Clarity Potion | 6 | |
| Healing Salve | 4 | |
| Orb of Lightning | 1 | |
| Claws of Attack +6 | 2 | |
| Potion of Healing | 1 | |
| Helm of Valor | 1 | |
| Amulet of Spell Shield | 1 | |
18 total
iNT]DOGANDHORSE (
pink | 95 APM | 2837 actions | 29:58)
4 Warden
2 Shadow Strike
2 Blink
» actions
| Assign group hotkey | 14 | |
| Basic commands | 31 | |
| Build / train | 67 | |
| Enter build submenu | 19 | |
| Enter hero's abilities submenu | 4 | |
| Give item / drop item | 10 | |
| Right click | 1889 | |
| Select / deselect | 261 | |
| Select group hotkey | 375 | |
| Use ability | 165 | |
2837 total
» units
» upgrades
| Ultravision | 1 | |
| Strength of the Wild | 3 | |
| Well Spring | 1 | |
| Reinforced Hides | 3 | |
8 total
» buildings
| Altar of Elders | 1 | |
| Moon Well | 8 | |
| Tree of Ages | 1 | |
| Hunter's Hall | 1 | |
| Ancient of Wind | 2 | |
| Tree of Eternity | 1 | |
| Ancient of Wonders | 1 | |
| Tree of Life | 1 | |
16 total
» build order
00:20 Altar of Elders
00:23 Moon Well
01:38 Moon Well
04:10 Tree of Ages
04:36 Hunter's Hall
05:23 Moon Well
06:39 Moon Well
06:44 Ancient of Wind
08:29 Tree of Eternity
08:56 Ancient of Wind
14:03 Ancient of Wonders
16:28 Tree of Life
17:36 Moon Well
17:37 Moon Well
17:38 Moon Well
17:39 Moon Well
» items
| Boots of Speed | 1 | |
| Staff of Teleportation | 1 | |
| Healing Salve | 2 | |
| Lesser Clarity Potion | 4 | |
| Orb of Venom | 1 | |
| Pendant of Mana | 1 | |
| Khadgar's Gem of Health | 1 | |
11 total
Chat log
(20:01 / All) Kyapoo: why do you play at ?
(20:07 / All) iNT]DOGANDHORSE: fun and wins
(20:08 / All) Kyapoo: go to personalise game
(20:10 / All) Kyapoo: idiot
(20:11 / All) iNT]DOGANDHORSE: LOL
(20:15 / All) iNT]DOGANDHORSE: lol
(20:16 / All) iNT]DOGANDHORSE: lol
(20:16 / All) iNT]DOGANDHORSE: lol
(20:17 / All) iNT]DOGANDHORSE: lol
(20:18 / All) GoToYurup: to own noobs such as U
(20:19 / All) Kyapoo: ?
(20:20 / All) iNT]DOGANDHORSE: can't kill a tower?
(20:20 / All) GoToYurup: is why we play AT
(20:22 / All) Kyapoo: where fun ?
(20:23 / All) TitusbrocK: fun ?
(20:29 / All) iNT]DOGANDHORSE: i'm having fun right now
(20:32 / All) GoToYurup: it's fun for us
(20:34 / All) Kyapoo: can't kill a tower ?
(20:36 / All) iNT]DOGANDHORSE: making shitnoobs mad
(20:38 / All) iNT]DOGANDHORSE: yeah
(20:39 / All) TitusbrocK: Poo guy
(24:19 / All) iNT]DOGANDHORSE: lol
(24:33 / All) GoToYurup: good tower
(24:35 / All) GoToYurup: your first tower
(26:36 / All) Elsweyr: LOL
(26:47 / All) GoToYurup: laughing at your own awful play ?
(27:11 / All) iNT]DOGANDHORSE: ????
(29:45 / All) iNT]DOGANDHORSE: LOL
(29:46 / All) iNT]DOGANDHORSE: LOL
(29:47 / All) iNT]DOGANDHORSE: LOL
(29:48 / All) iNT]DOGANDHORSE: LOL
(29:48 / All) iNT]DOGANDHORSE: LOL
(29:49 / All) iNT]DOGANDHORSE: LOL